[Event "Live Chess"]
[Site "Chess.com"]
[Date "2023.05.21"]
[Round "-"]
[White "sup3rm0nk3y"]
[Black "Bob2pen"]
[Result "0-1"]
[WhiteElo "1343"]
[BlackElo "1853"]
[TimeControl "300"]
[EndTime "7:31:27 PDT"]
[Termination "Bob2pen won by resignation"]

1. e4 e6 2. d4 d5 3. e5 c5 4. c4 cxd4 5. Qxd4 Nc6 6. Qd1 Nxe5 7.
cxd5 Qxd5 8. Qxd5 exd5 9. Bf4 Nc4 10. b3 Bd6 11. bxc4 Bxf4 12. cxd5 Be5 13. Bb5+ Bd7 14. Bxd7+ Kxd7 15. Nf3 Bxa1 16. O-O Bf6 17. Nbd2 Ne7 18.
Ne4 Rac8 19. a4 Rc2 20. Ra1 Rhc8 21. Rf1 Rc1 22. g3 Nxd5 23. Nxf6+ Nxf6 24. Ne5+ Ke6 25. Nd3 Rxf1+ 26. Kxf1 Rc3 27. Nf4+ Kd6 28. Ne2 Ra3 29. Nd4 Rxa4 30. Nf5+ Ke5 31. Nxg7 b5 32. h3 b4 0-1

[Event "Live Chess"]
[Site "Chess.com"]
[Date "2023.05.21"]
[Round "-"]
[White "YrrriKharkiv"]
[Black "BearFromUkraine"]
[Result "1-0"]
[WhiteElo "2058"]
[BlackElo "1072"]
[TimeControl "300"]
[EndTime "7:31:32 PDT"]
[Termination "YrrriKharkiv won by resignation"]

1. d4 d5 2. Nf3 Nf6 3. c4 e6 4. Nc3 Bb4 5. Qa4+ Nc6 6. Ne5 Bxc3+ 7. bxc3 Bd7 8. Nxd7 Qxd7 9. e3 O-O 10. Rb1 Rab8 11. Bd3 Rfd8 12. cxd5 Nxd5 13. Bd2 e5 14. O-O exd4 15.
cxd4 a6 16. Qc2 h6 17. Be4 Nf6 18.
Bf3 Qd6 19. Rfc1 a5 20. Qc5 Qxc5 21. Rxc5 Re8 22. Kf1 Ne4 23. Be1 Nf6 24. Bc3 Re7 25. Rxc6 1-0

[Event "Live Chess"]
[Site "Chess.com"]
[Date "2023.05.21"]
[Round "-"]
[White "Crowded_House"]
[Black "wot-not"]
[Result "1-0"]
[WhiteElo "1609"]
[BlackElo "1528"]
[TimeControl "300"]
[EndTime "7:31:45 PDT"]
[Termination "Crowded_House won by resignation"]

1. d4 Nf6 2. Bg5 Ne4 3. Bh4 g5 4. Bg3 Nxg3 5. hxg3 Bg7 6. c3 c5 7. dxc5 O-O 8. e3 a5 9. Bd3 h6 10. Nf3 Qc7 11. Qc2 Qxc5 12. Nbd2 d6 13. Nb3 Qb6 14. Rb1 Nd7 15. Bf5 Ne5 16. Bxc8 Nxf3+ 17. gxf3 Raxc8 18. Nd4 Qd8 19. Nf5 e6 20. Nxh6+ Bxh6 21. Rxh6 f5 22.
Ke2 Qc7 23. Rbh1 Qc4+ 24. Qd3 Qxd3+ 25. Kxd3 Kf7 26. Rh7+ Ke8 27. Rxb7 e5 28. Rhh7 Rf6 29. Rh8+ Rf8 30. Rhh7 Rf6 31. Rbe7+ Kf8 32. Rh8+ Kxe7 33.
Rxc8 d5 34. Ra8 e4+ 35. fxe4 dxe4+ 36. Ke2 Rb6 37. b3 Rc6 38. c4 Rc5 39. a3 Ke6 40. Ra6+ Ke7 41. Rg6 g4 42. Rb6 Kd7 43. Rb5 Rc8 44.
Rxa5 Kc6 45. Rxf5 1-0

[Event "Live Chess"]
[Site "Chess.com"]
[Date "2023.05.21"]
[Round "-"]
[White "Pablo_dmp"]
[Black "Dhaydon19"]
[Result "0-1"]
[WhiteElo "1865"]
[BlackElo "2691"]
[TimeControl "300"]
[EndTime "7:31:46 PDT"]
[Termination "Dhaydon19 won by resignation"]

1. e4 c6 2. d4 d5 3. e5 c5 4.
dxc5 Nc6 5. f4 e6 6. Be3 Nge7 7. Nf3 Nf5 8. Bf2 Qa5+ 9. c3 Bxc5 10. Qd2 Bxf2+ 11. Qxf2 h5 12. Bd3 Nce7 13. Na3 Bd7 14.
O-O Rc8 15. Nc2 Bb5 16. Bxb5+ Qxb5 17. Ncd4 Qb6 18. Nxf5 Qxf2+ 19. Rxf2 Nxf5 20. Nd4 Nxd4 21. cxd4 Rc4 22. Rd2 Kd7 23. Kf2 Rhc8 24. Re1 Rc2 25. Ree2 Rxd2 26. Rxd2 f6 27. Ke3 Ke7 28. h3 fxe5 29.
dxe5 Rc4 30. g4 Re4+ 31. Kf3 hxg4+ 32. hxg4 g5 33. f5 Rxe5 34. fxe6 Kxe6 35. a3 Kd6 36. Kf2 Re4 37. Kf3 a5 38. Rd3 b5 39. Rb3 b4 40. axb4 Rxb4 41. Ra3 a4 42. Ke3 Rb3+ 43. Rxb3 axb3 44. Kd3 Ke5 45. Kc3 Kf4 46. Kxb3 Kxg4 47. Kc3 Kf5 48. Kd4 Ke6 49. b4 g4 50. Ke3 Ke5 51. b5 d4+ 52. Ke2 g3 53. b6 Kd6 54.
b7 Kc7 55. Kd3 g2 56. Kxd4 g1=Q+ 57. Kd5 0-1

[Event "Live Chess"]
[Site "Chess.com"]
[Date "2023.05.21"]
[Round "-"]
[White "OleksiyJr1"]
[Black "luckywookie"]
[Result "1-0"]
[WhiteElo "1043"]
[BlackElo "811"]
[TimeControl "300"]
[EndTime "7:32:08 PDT"]
[Termination "OleksiyJr1 won on time"]

1. e4 c6 2. Nf3 d5 3. e5 g6 4. d4 Bg7 5. Nc3 e6 6. Bd3 Ne7 7. Ne2 Qb6 8. O-O Nd7 9. Ng3 Nf5 10. Nxf5 gxf5 11. b3 c5 12. c4 cxd4 13. cxd5 Nc5 14. Bc4 Ne4 15. dxe6 fxe6 16. Nxd4 Nc3 17.
Qd3 Bxe5 18. Qxc3 Bxd4 19. Qd3 Bxa1 20. Re1 Bd4 21. Qxf5 Rf8 22. Qh5+ Rf7 23. Kf1 Bxf2 24. Re2 Be3+ 25. Ke1 Bf2+ 26. Kd1 Qd6+ 27. Rd2 Qe7 28. Rxf2 Bd7 29. g4 O-O-O 30. Rc2 Bb5+ 31. Bd2 Rxd2+ 32. Kxd2 Bxc4 33. Rxc4+ Kd8 34. Qa5+ 1-0

[Event "Live Chess"]
[Site "Chess.com"]
[Date "2023.05.21"]
[Round "-"]
[White "Mikhail_Golubev"]
[Black "raminguy"]
[Result "1-0"]
[WhiteElo "2451"]
[BlackElo "1955"]
[TimeControl "300"]
[EndTime "7:32:12 PDT"]
[Termination "Mikhail_Golubev won by resignation"]

1. e4 e5 2. Nf3 Nc6 3. Bc4 Bc5 4.
c3 Nf6 5. d4 exd4 6. cxd4 Bb4+ 7. Nbd2 Nxe4 8. d5 Nxd2 9. Bxd2 Bxd2+ 10. Qxd2 Ne7 11. h4 O-O 12. h5 Nf5 13. Bd3 Re8+ 14. Kf1 d6 15. g4 Nh6 16. g5 Ng4 17. Qf4 c6 18. g6 hxg6 19. hxg6 fxg6 20. Bxg6 Rf8 21.
Bh7+ Kh8 22. Ne5 Rf6 23. Ng6+ Rxg6 24. Bxg6+ 1-0

[Event "Live Chess"]
[Site "Chess.com"]
[Date "2023.05.21"]
[Round "-"]
[White "GMHarry-youtube"]
[Black "manthanit"]
[Result "0-1"]
[WhiteElo "2027"]
[BlackElo "1113"]
[TimeControl "300"]
[EndTime "7:32:12 PDT"]
[Termination "manthanit won by checkmate"]

1. e4 e6 2. d4 d6 3. e5 dxe5 4. dxe5 Qxd1+ 5. Kxd1 Nc6 6. f4 f6 7. exf6 Nxf6 8. Nf3 Bd6 9. Bb5 Bd7 10. c3 O-O-O 11.
Ke2 a6 12. Bd3 Ne7 13. h3 g6 14. Be3 Nf5 15. Bxf5 exf5 16. Nbd2 Rhe8 17. Kf2 Bc5 18. Bxc5 Bb5 19. Nb3 Re2+ 20. Kg3 Rxb2 21. Bd4 Ne4+ 22. Kh4 h6 23. g4 g5+ 24. fxg5 hxg5+ 25. Kh5 Rd6 26. Nxg5 Be8+ 27. Nf7 Bxf7+ 28. Kh4 Rh6# 0-1

[Event "Live Chess"]
[Site "Chess.com"]
[Date "2023.05.21"]
[Round "-"]
[White "LiamBellwood"]
[Black "FlyingChessKestrel13"]
[Result "0-1"]
[WhiteElo "1902"]
[BlackElo "2071"]
[TimeControl "300"]
[EndTime "7:32:14 PDT"]
[Termination "FlyingChessKestrel13 won by resignation"]

1. d4 Nf6 2. Nc3 e6 3. Bf4 a6 4. e4 d5 5. e5 Nfd7 6. Nf3 c5 7. Ne2 Nc6 8. c3 Be7 9. Ng3 cxd4 10. cxd4 Qa5+ 11.
Bd2 Bb4 12. Bxb4 Qxb4+ 13. Qd2 b5 14. a3 Qxd2+ 15. Kxd2 Bb7 16. Bd3 h6 17. h4 Rc8 18.
Rac1 Ke7 19. Rc2 Na5 20. Rhc1 Nb3+ 21. Kd1 Nxc1 22. Rxc1 Rxc1+ 23. Kxc1 Nb6 0-1

[Event "Live Chess"]
[Site "Chess.com"]
[Date "2023.05.21"]
[Round "-"]
[White "Biranidun"]
[Black "PiotrD11"]
[Result "1-0"]
[WhiteElo "2519"]
[BlackElo "1368"]
[TimeControl "300"]
[EndTime "7:32:16 PDT"]
[Termination "Biranidun won by resignation"]

1. e4 d5 2. exd5 Nf6 3. d4 Nxd5 4. Nf3 Bf5 5. Be2 e6 6. O-O Bd6 7. c4 Nf6 8. Nc3 Nc6 9. Be3 O-O 10. h3 Ne7 11. c5 Ng6 12. cxd6 cxd6 13. Bd3 Bxd3 14. Qxd3 Rc8 15. Rac1 d5 16. Bg5 h6 17. Bxf6 Qxf6 18.
Ne2 Nf4 19. Nxf4 Qxf4 20. Qe3 Qd6 21. Rxc8 Rxc8 22. Rc1 Rxc1+ 23. Qxc1 Qc6 24. Qxc6 bxc6 25. Ne5 c5 26. dxc5 1-0

[Event "Live Chess"]
[Site "Chess.com"]
[Date "2023.05.21"]
[Round "-"]
[White "diana21strabt"]
[Black "bedsdrout"]
[Result "0-1"]
[WhiteElo "1742"]
[BlackElo "1545"]
[TimeControl "300"]
[EndTime "7:32:23 PDT"]
[Termination "bedsdrout won by resignation"]

1. e4 e5 2. Nf3 Nf6 3. Nxe5 Qe7 4. Nf3 Nxe4 5. Qe2 d5 6. d3 Nf6 7. Qxe7+ Bxe7 8. Nc3 O-O 9. Bg5 Be6 10. Bxf6 Bxf6 11.
O-O-O a6 12. h4 Re8 13. g3 Nd7 14. Bg2 c6 15. Rhe1 Bg4 16. Kd2 Ne5 17. Re3 Bxf3 18. Bxf3 d4 19. Rxe5 dxc3+ 20. bxc3 Rxe5 21. Rb1 Rf5 22. Ke3 Rb5 23. Rd1 Re8+ 24. Be4 Bxc3 25.
g4 Rb2 26. h5 g6 27. hxg6 hxg6 28. d4 Rxc2 29. Kd3 Rxf2 30. Kxc3 Rxe4 0-1

[Event "Live Chess"]
[Site "Chess.com"]
[Date "2023.05.21"]
[Round "-"]
[White "Inglaterra"]
[Black "Olisingapore"]
[Result "1-0"]
[WhiteElo "2054"]
[BlackElo "1782"]
[TimeControl "300"]
[EndTime "7:32:24 PDT"]
[Termination "Inglaterra won by checkmate"]

1. d4 Nf6 2. Nf3 d5 3. c4 c5 4. cxd5 Nxd5 5. e4 Nf6 6. d5 e6 7. Nc3 exd5 8. exd5 Bd6 9. Bb5+ Bd7 10. O-O O-O 11. Bg5 Bxb5 12. Nxb5 a6 13. Nxd6 Qxd6 14.
Qd2 Ne4 15. Qe3 f5 16. Rad1 Nd7 17. Bf4 Qf6 18. Nd2 Qxb2 19. Nxe4 fxe4 20. Qxe4 Rae8 21. Qc4 Nb6 22. Qxc5 Rxf4 23. Rb1 Qf6 24. Qxb6 Qxb6 25. Rxb6 Rd8 26. Rd1 Rd7 27. g3 Rc4 28. Rd2 Kf7 29. Kf1 Rc5 30. d6 Rc6 31. Rxc6 bxc6 32. Ke2 Ke6 33. Rd4 Rxd6 34. Ra4 c5 35. Ke3 Kd5 36.
Rg4 g6 37. h4 c4 38. Rd4+ Kc5 39. Rxd6 Kxd6 40. Kd4 Kc6 41. Kxc4 Kd6 42. a4 Ke5 43. a5 Ke4 44. Kc5 Kf3 45. Kb6 Kxf2 46. Kxa6 Kxg3 47. Kb5 Kxh4 48. a6 g5 49. a7 g4 50. a8=Q g3 51.
Qg2 h5 52. Kc5 Kg4 53. Kd5 h4 54. Ke4 h3 55. Qf3+ Kh4 56. Kf5 h2 57. Qg4# 1-0

[Event "Live Chess"]
[Site "Chess.com"]
[Date "2023.05.21"]
[Round "-"]
[White "NotHarryV"]
[Black "AbilifyXL"]
[Result "0-1"]
[WhiteElo "1514"]
[BlackElo "1989"]
[TimeControl "300"]
[EndTime "7:32:25 PDT"]
[Termination "AbilifyXL won by resignation"]

1. d4 d5 2. c4 c6 3. Nf3 Nf6 4.
Nc3 a6 5. cxd5 cxd5 6. Bg5 e6 7. e4 dxe4 8. Nxe4 Nbd7 9. Be2 Be7 10. Nxf6+ Nxf6 11. O-O O-O 12. Bd3 b5 13. Qc2 h6 14.
Bxf6 Bxf6 15. Rad1 Bb7 16. Be4 Bd5 17. Bxd5 Qxd5 18.
b3 Rac8 19. Qd3 Rfd8 20. h4 e5 21. dxe5 Qxd3 22. Rxd3 Rxd3 23. exf6 gxf6 24. Re1 Kg7 25. Re4 Rc2 26. a4 Rxb3 27. axb5 axb5 28. Kh2 Rc4 29.
Rxc4 bxc4 30. Nd4 Rd3 31. Nf5+ Kh7 32. g4 c3 0-1

[Event "Live Chess"]
[Site "Chess.com"]
[Date "2023.05.21"]
[Round "-"]
[White "Tiltador"]
[Black "RichardABates"]
[Result "0-1"]
[WhiteElo "874"]
[BlackElo "2144"]
[TimeControl "300"]
[EndTime "7:32:28 PDT"]
[Termination "RichardABates won by checkmate"]

1. e4 c5 2. f3 Nc6 3. d3 d5 4. g3 Nf6 5. Bg2 e5 6. Bg5 d4 7. Nd2 h6 8. Bxf6 Qxf6 9. Nc4 b5 10.
Nd2 c4 11. Nh3 c3 12. bxc3 dxc3 13. Nb3 a5 14. O-O a4 15. Nc1 Bc5+ 16. Kh1 g5 17. g4 h5 18. Nf2 Bxf2 19. Rxf2 hxg4 20. Rf1 Qf4 21. h3 gxh3 22. Ne2 hxg2+ 23. Kxg2 Qh2# 0-1

[Event "Live Chess"]
[Site "Chess.com"]
[Date "2023.05.21"]
[Round "-"]
[White "wadsy27"]
[Black "JanMur7"]
[Result "1-0"]
[WhiteElo "2547"]
[BlackElo "1969"]
[TimeControl "300"]
[EndTime "7:32:38 PDT"]
[Termination "wadsy27 won by checkmate"]

1. Nf3 g6 2. d4 Bg7 3. c4 c5 4. d5 Qa5+ 5. Bd2 Qb6 6. Nc3 d6 7.
Qc2 Bg4 8. h3 Bxf3 9. exf3 Nd7 10. f4 Nh6 11. Bd3 O-O 12. O-O Rfe8 13. Rae1 Kh8 14. b3 Ng8 15. f5 Ngf6 16. fxg6 hxg6 17. Ne4 Ne5 18. Ng5 Kg8 19. f4 Nxd3 20. Qxd3 Qc7 21.
f5 gxf5 22. Rxf5 Qd7 23. Ref1 b5 24. Qg3 bxc4 25. Ne6 fxe6 26. Bh6 exf5 27. Qxg7# 1-0

[Event "Live Chess"]
[Site "Chess.com"]
[Date "2023.05.21"]
[Round "-"]
[White "f4nomore"]
[Black "martynstanley"]
[Result "1-0"]
[WhiteElo "1401"]
[BlackElo "1028"]
[TimeControl "300"]
[EndTime "7:32:49 PDT"]
[Termination "f4nomore won by checkmate"]

1. e3 e6 2. Nf3 d5 3. Be2 c5 4.
O-O Nc6 5. d4 b6 6. c3 Bb7 7.
Na3 Qc7 8. Nc2 f6 9. dxc5 Bxc5 10. Ncd4 e5 11. Nxc6 Qxc6 12. b4 Bxb4 13. cxb4 O-O-O 14. Ba3 Kb8 15. Rc1 Qd6 16. Qd3 d4 17. b5 g5 18.
Bxd6+ Rxd6 19. Nh4 gxh4 20. Qf5 Ne7 21. Qh3 Rg8 22.
f3 dxe3 23. Qxh4 Rd2 24. Rce1 Rxa2 25. Qxf6 Re8 26. Qxe5+ Kc8 27. Qe6+ Kd8 28. Qxa2 Nd5 29. Qxa7 Kc7 30. Rc1+ Kd6 31. Qxb7 Nb4 32. Qxh7 Re7 33. Qg6+ Re6 34. Rfd1+ Ke5 35. Qg5# 1-0

[Event "Live Chess"]
[Site "Chess.com"]
[Date "2023.05.21"]
[Round "-"]
[White "robotking06"]
[Black "domrobson"]
[Result "0-1"]
[WhiteElo "308"]
[BlackElo "1747"]
[TimeControl "300"]
[EndTime "7:33:01 PDT"]
[Termination "domrobson won by checkmate"]

1. e4 e5 2. Nf3 Nc6 3. Nc3 Nf6 4. Nxe5 Nxe5 5. f3 d6 6. Ba6 bxa6 7. Qe2 a5 8. Qa6 Bxa6 9. Nb5 Bxb5 10. d4 Nc4 11. d5 c6 12. Bd2 Nxd2 13. Rb1 cxd5 14. Rf1 Nxb1 15. Kf2 Bxf1 16. Kg3 dxe4 17. Kf4 d5 18. Ke5 Qd6+ 19. Kd4 Qc5+ 20. Ke5 Bd6+ 21. Kf5 exf3 22.
Kg5 fxg2 23. Kf5 g1=Q 24. c3 Qg6# 0-1

[Event "Live Chess"]
[Site "Chess.com"]
[Date "2023.05.21"]
[Round "-"]
[White "LaupMiths"]
[Black "Missedidea"]
[Result "1-0"]
[WhiteElo "1828"]
[BlackElo "1770"]
[TimeControl "300"]
[EndTime "7:33:05 PDT"]
[Termination "LaupMiths won by resignation"]

1. d4 Nf6 2. Nf3 g6 3. c4 Bg7 4.
Nc3 d6 5. e4 O-O 6. Be2 e5 7. d5 a5 8. h3 Na6 9. Be3 b6 10. a3 Nc5 11. Nd2 a4 12. g4 Bd7 13. f3 h6 14. Nf1 Nh7 15. Rc1 Nb3 16. Rc2 Nd4 17. Rd2 f5 18. Rd3 Ng5 19. h4 fxe4 20.
hxg5 exd3 21. Qxd3 hxg5 22. Qxg6 Rf6 23. Qh7+ Kf8 24.
Bxg5 Qe8 25. Bxf6 Bxf6 26. Ne4 Bg7 27. Nfg3 Qf7 28. O-O Qf4 29. Kg2 Re8 30. Rf2 Re7 31. Nh5 Qe3 32. Neg3 Rf7 33. Nxg7 Rxg7 34. Qh8+ Kf7 35. Qd8 Nxe2 36. Qxd7+ Kg6 37. Qe6+ Kh7 38. Rxe2 Qf4 39. Nf5 Rg6 40. Qf7+ 1-0

[Event "Live Chess"]
[Site "Chess.com"]
[Date "2023.05.21"]
[Round "-"]
[White "onemoretime1975"]
[Black "PaulyD81"]
[Result "1-0"]
[WhiteElo "1841"]
[BlackElo "1189"]
[TimeControl "300"]
[EndTime "7:33:11 PDT"]
[Termination "onemoretime1975 won on time"]

1. e4 e5 2. Nf3 Nc6 3. Bc4 Nf6 4. d3 Bb4+ 5. c3 Bc5 6. b4 Bb6 7. O-O a6 8. Be3 Bxe3 9. fxe3 O-O 10. h3 b5 11. Bd5 Bb7 12. Bxc6 Bxc6 13. Nxe5 Re8 14. Nxc6 dxc6 15. Qe2 a5 16. Nd2 axb4 17. cxb4 Qe7 18. a3 c5 19. bxc5 Qxc5 20. Nb3 Qd6 21. Nd4 c6 22.
Nf5 Qc5 23. d4 Qc4 24. Qf3 Rxe4 25. Nh6+ Kf8 26. Qf5 Qd3 27. Qc5+ Re7 28. Nf5 1-0

[Event "Live Chess"]
[Site "Chess.com"]
[Date "2023.05.21"]
[Round "-"]
[White "MarkLim1"]
[Black "LL220284LL"]
[Result "0-1"]
[WhiteElo "1705"]
[BlackElo "2241"]
[TimeControl "300"]
[EndTime "7:33:20 PDT"]
[Termination "LL220284LL won by resignation"]

1. e4 d6 2. d4 Nf6 3. Nc3 g6 4. f4 Bg7 5. Nf3 O-O 6. Bd3 Nc6 7. e5 Nh5 8. O-O dxe5 9. fxe5 Nxd4 10. Be3 Bg4 11. Be2 Nxe2+ 12. Qxe2 Bxe5 13. h3 Ng3 14. Qf2 Nxf1 15. Nxe5 Nxe3 16. Qxe3 Be6 17. Rd1 Qe8 18.
Qh6 Rd8 19. Rf1 f6 20. Ng4 Bxg4 21. hxg4 Qf7 22. Rf3 Qg7 23. Qe3 e5 24. Rh3 Rd4 25.
g5 f5 26. Nb5 Rd1+ 27. Kh2 Rfd8 28. Nxc7 Qxc7 0-1

[Event "Live Chess"]
[Site "Chess.com"]
[Date "2023.05.21"]
[Round "-"]
[White "Singapourfeuj"]
[Black "PantherCal"]
[Result "0-1"]
[WhiteElo "2185"]
[BlackElo "1874"]
[TimeControl "300"]
[EndTime "7:33:22 PDT"]
[Termination "PantherCal won by resignation"]

1. d4 d5 2. Nf3 c6 3. c4 Nf6 4.
Nc3 e6 5. Bg5 Nbd7 6. cxd5 cxd5 7. Rc1 Bb4 8. a3 Bd6 9. e3 a6 10. Bd3 O-O 11. O-O b5 12. h3 Bb7 13. Qe2 Rc8 14.
e4 dxe4 15. Nxe4 Be7 16. Nc5 Nxc5 17. dxc5 Rxc5 18. Rxc5 Bxc5 19. b4 Be7 20. Rd1 Qb6 21. Ne5 Nd5 22. Nd7 Qc6 23. Nxf8 Nc3 24. Bxh7+ Kxf8 25.
Bxe7+ Kxe7 26. Qg4 Nxd1 27. Qg5+ Ke8 28. f3 Qd5 29.
Qxg7 Ne3 30. Be4 Qd1+ 31. Kf2 Bxe4 32. Qg8+ Ke7 33. Qg5+ Kd7 34. Qxe3 Bd5 35. Qa7+ Kd6 36. Qxa6+ Ke5 37. Qxb5 Qd4+ 38. Kg3 Qf4+ 39. Kf2 Qd2+ 40. Kg1 Qc1+ 41. Kh2 Qxa3 42. Qb8+ Kf5 43. b5 Qb2 44. Qc7 Qe5+ 45. Qxe5+ Kxe5 46. b6 Kd6 47. h4 Bc4 48. g4 Kc6 49. h5 Kxb6 50. h6 Bd3 51.
f4 Bh7 52. Kg3 Kc5 53. Kh4 Kd5 54. Kg5 Ke4 55. f5 Ke5 56. f6 Ke4 57. Kh5 Kf4 58. g5 e5 59. Kh4 Kf5 60. Kh5 e4 61.
Kh4 e3 62. Kg3 Kxg5 63. Kf3 Kxh6 64. Kxe3 Kg6 65. Kf4 Kxf6 0-1

[Event "Live Chess"]
[Site "Chess.com"]
[Date "2023.05.21"]
[Round "-"]
[White "Ian-Morley"]
[Black "WilliWeisswurst"]
[Result "1/2-1/2"]
[WhiteElo "1090"]
[BlackElo "1760"]
[TimeControl "300"]
[EndTime "7:33:24 PDT"]
[Termination "Game drawn - timeout vs insufficient material"]

1. e4 c5 2. Nf3 d6 3. Bb5+ Bd7 4. Bxd7+ Nxd7 5. O-O Ngf6 6. Re1 e6 7. c3 Be7 8. d4 cxd4 9. cxd4 Rc8 10. Nc3 O-O 11.
e5 dxe5 12. dxe5 Nd5 13. Nxd5 exd5 14. Qxd5 Qc7 15. Bf4 Nb6 16. Qd1 Bc5 17. a3 Nc4 18.
b4 Bb6 19. Rc1 Qe7 20. Nd2 Nb2 21. Qe2 Rfd8 22. Rxc8 Rxc8 23. Ne4 Nc4 24. Nd6 Nxd6 25. exd6 Qd7 26. Qe7 Qxe7 27. Rxe7 h6 28. d7 Rd8 29. Re8+ Kh7 30. Rxd8 Bxd8 31. Kf1 Kg6 32. Ke2 Kf6 33.
Kd3 Ke7 34. Bb8 a6 35. Ba7 Kxd7 36. Bc5 g6 37. Ke4 Bf6 38. Kd5 b5 39. f3 Bb2 40.
g4 Bxa3 41. h4 Bc1 42. h5 gxh5 43. gxh5 Bg5 44. Ke4 Be7 45. Bxe7 Kxe7 46. Kd5 Kd7 47. f4 a5 48. bxa5 b4 49. Kc4 Kc6 50. Kxb4 Kb7 51. Kb5 f5 52. a6+ Ka7 53. Ka5 Ka8 54. Kb6 Kb8 55. a7+ Ka8 56. Kc6 Kxa7 57. Kd5 Kb6 58.
Ke5 Kc7 59. Kxf5 Kd6 60. Kf6 Kd7 61. f5 Ke8 62. Kg7 Ke7 63. Kxh6 Kd6 64. f6 Ke5 65. f7 Kf4 66. f8=Q+ Ke3 67. Qb4 Kd3 68. Qd6+ Ke3 69. Qa3+ Ke4 70. Qb4+ Ke3 71. Qb3+ Kd2 1/2-1/2

[Event "Live Chess"]
[Site "Chess.com"]
[Date "2023.05.21"]
[Round "-"]
[White "LiamClery2020"]
[Black "AMCWAML"]
[Result "1-0"]
[WhiteElo "1997"]
[BlackElo "2247"]
[TimeControl "300"]
[EndTime "7:33:34 PDT"]
[Termination "LiamClery2020 won by resignation"]

1. e4 c5 2. Nf3 e6 3. c3 Nf6 4. e5 Nd5 5. d4 cxd4 6. cxd4 d6 7. Nc3 Nxc3 8. bxc3 Qc7 9. Qb3 Bd7 10.
Ba3 Nc6 11. Bb5 dxe5 12. Bxf8 Kxf8 13. Bxc6 Bxc6 14. Nxe5 Bxg2 15. Rg1 Bd5 16. Qb4+ Kg8 17. Ng4 Qf4 18. Qe7 g6 19. Nf6+ Qxf6 20. Qxf6 Rc8 21. Kd2 h5 22. Rac1 b5 23. Rg5 h4 24. Rcg1 Rh6 25.
R5g4 h3 26. Rh4 Rxh4 27. Qxh4 Bg2 28. Rb1 a6 29. Qf4 Rc4 30. Rb4 Rc6 31. a4 bxa4 32. Rb8+ Kg7 33. Qh4 g5 34. Qxg5+ Kh7 35. Rg8 1-0

[Event "Live Chess"]
[Site "Chess.com"]
[Date "2023.05.21"]
[Round "-"]
[White "SupremeTactician"]
[Black "BillythekidFellowes"]
[Result "0-1"]
[WhiteElo "2195"]
[BlackElo "2104"]
[TimeControl "300"]
[EndTime "7:33:54 PDT"]
[Termination "BillythekidFellowes won by resignation"]

1. e4 Nc6 2. d4 d5 3. exd5 Qxd5 4. Be3 e5 5. Nc3 Bb4 6. dxe5 Qxd1+ 7. Rxd1 Bxc3+ 8.
bxc3 Nxe5 9. Bd4 f6 10. Bxe5 fxe5 11. Nf3 e4 12. Ng5 Nf6 13. Bc4 Bf5 14. O-O h6 15. Nf7 Rf8 16. Ne5 Rd8 17. Rxd8+ Kxd8 18. Rd1+ Kc8 19.
h3 c6 20. g4 Bh7 21. Be6+ Kc7 22. Bb3 Re8 23. Nc4 b5 24. Ne3 a5 25. a3 Nd7 26.
Bf7 Re7 27. Ba2 Ne5 28. Bd5 Rd7 29. Be6 Rxd1+ 30. Nxd1 Nf3+ 31. Kf1 Kd6 32. Bc8 Nd2+ 33. Ke2 Nc4 34. Ne3 Nxa3 35. Bf5 Bxf5 36. Nxf5+ Ke5 37.
Nxg7 Nxc2 38. Kd2 Na3 39. Nf5 Nc4+ 40. Kc2 a4 41. Nxh6 c5 42. Nf7+ Kf4 43. g5 Kf5 44. h4 Kg6 45. Nd8 b4 46. cxb4 cxb4 47. Nc6 b3+ 48. Kc3 b2 49. Kc2 a3 50. Nb4 Nd2 51.
Kxd2 b1=Q 52. Nd5 Qd3+ 0-1

[Event "Live Chess"]
[Site "Chess.com"]
[Date "2023.05.21"]
[Round "-"]
[White "zdanevych"]
[Black "Doge_Dandolo"]
[Result "0-1"]
[WhiteElo "1479"]
[BlackElo "1873"]
[TimeControl "300"]
[EndTime "7:33:54 PDT"]
[Termination "Doge_Dandolo won by resignation"]

1. d4 d5 2. c4 c6 3. Nc3 Nf6 4. Nf3 a6 5. h3 Bf5 6. Bf4 e6 7.
e3 Bd6 8. Bxd6 Qxd6 9. c5 Qe7 10. Bd3 Bxd3 11. Qxd3 Nbd7 12. O-O O-O 13. e4 dxe4 14.
Nxe4 Nxe4 15. Qxe4 Nf6 16. Qc2 Rfd8 17. Rad1 Rd5 18.
Rd3 Rad8 19. Rfd1 Nd7 20. Ne5 Nxe5 21. dxe5 Qd7 22. Rxd5 exd5 23. f4 Qe7 24. b4 a5 25.
a3 axb4 26. axb4 Ra8 27. Qb2 Qh4 28. Rf1 g6 29. Kh2 h5 30. g3 Qe7 31. Re1 Qe6 32. Qc3 Ra2+ 33. Kh1 Qxh3+ 0-1

[Event "Live Chess"]
[Site "Chess.com"]
[Date "2023.05.21"]
[Round "-"]
[White "CheckThis4"]
[Black "Man-Del-Brot"]
[Result "1-0"]
[WhiteElo "2528"]
[BlackElo "1061"]
[TimeControl "300"]
[EndTime "7:33:58 PDT"]
[Termination "CheckThis4 won on time"]

1. d4 Nf6 2. Nc3 d5 3. e4 dxe4 4. f3 Nc6 5. Bb5 Bd7 6. Be3 e6 7. fxe4 Bb4 8. Qf3 a6 9. Bd3 e5 10. d5 Nd4 11. Qg3 Nh5 12. Qxe5+ Qe7 13. Qxe7+ Kxe7 14. Bxd4 f6 15. Ne2 c5 16. Be3 g5 17.
a3 Bxc3+ 18. Nxc3 b5 19. Bxc5+ Kf7 20. O-O Rac8 21. Bd4 Rcg8 22. e5 f5 23. e6+ Ke7 24.
Bxh8 Rxh8 25. exd7 Kxd7 26. Bxf5+ Kd6 27. Rae1 Nf4 28. Rxf4 gxf4 29. Re6+ Kc5 30. Rxa6 1-0

[Event "Live Chess"]
[Site "Chess.com"]
[Date "2023.05.21"]
[Round "-"]
[White "youtookmyhorse"]
[Black "DRS44"]
[Result "1-0"]
[WhiteElo "762"]
[BlackElo "1279"]
[TimeControl "300"]
[EndTime "7:33:59 PDT"]
[Termination "youtookmyhorse won on time"]

1. e4 e5 2. Nc3 Nf6 3. f4 d5 4. exd5 e4 5. Bc4 Bf5 6. d3 exd3 7. cxd3 Bc5 8. Nf3 O-O 9. Ng5 h6 10. Nf3 c6 11. Bd2 Qb6 12. b3 Bf2+ 13. Kf1 Bd4 14.
Na4 Qc7 15. Nxd4 Bg6 16. Qf3 c5 17. Ne2 a6 18. d6 Qxd6 19. Nac3 Nbd7 20. h4 b5 21. Qd5 Qxd5 22. Bxd5 Rad8 23. Bf3 Bxd3 24. Re1 c4 25. bxc4 b4 26. Nd5 Nxd5 27. Bxd5 a5 28. g4 a4 29. g5 b3 30. axb3 axb3 31. Bc3 Rb8 32. gxh6 b2 33. Bxb2 Rxb2 34. hxg7 Kxg7 35.
Rg1+ Kh8 36. Bf3 1-0

[Event "Live Chess"]
[Site "Chess.com"]
[Date "2023.05.21"]
[Round "-"]
[White "ossie57"]
[Black "HadesLearmonth"]
[Result "1-0"]
[WhiteElo "1836"]
[BlackElo "1210"]
[TimeControl "300"]
[EndTime "7:34:02 PDT"]
[Termination "ossie57 won by checkmate"]

1. e4 e5 2. Nf3 Nc6 3. d4 exd4 4. Bc4 Bc5 5. c3 Nf6 6. cxd4 Bb4+ 7. Bd2 O-O 8. Bxb4 Nxb4 9. e5 Ne4 10. O-O d5 11.
exd6 Qxd6 12. a3 Nc6 13. d5 Ne5 14. Nxe5 Qxe5 15. Re1 Qf5 16. Qc2 Re8 17. Nc3 Nd6 18. Bd3 Rxe1+ 19. Rxe1 Qd7 20. Bxh7+ Kf8 21. Bd3 b6 22.
Bb5 Qg4 23. Bc6 Rb8 24. h3 Qg5 25. Qe2 Bxh3 26. Qf3 Bg4 27. Qg3 Nf5 28. Qxc7 Rd8 29. Ne4 Qh6 30. Qxd8# 1-0

[Event "Live Chess"]
[Site "Chess.com"]
[Date "2023.05.21"]
[Round "-"]
[White "davigator"]
[Black "AlanPaling"]
[Result "1-0"]
[WhiteElo "2286"]
[BlackElo "1377"]
[TimeControl "300"]
[EndTime "7:34:06 PDT"]
[Termination "davigator won by resignation"]

1. e4 Nf6 2. e5 Nd5 3. d4 d6 4. c4 Nb6 5. f4 dxe5 6. fxe5 g6 7. Be3 Bg7 8. Nc3 O-O 9. Be2 Bf5 10. Nf3 c5 11. d5 N6d7 12. Bf4 Qc7 13. d6 exd6 14. exd6 Qd8 15. O-O Re8 16. Qd2 Na6 17. Rad1 Rc8 18. Nd5 Rb8 19. Ne7+ Kf8 20. Nxf5 gxf5 21. Bh6 Qf6 22.
Bxg7+ Kxg7 23. Rf2 Ne5 24. Nxe5 Qxe5 25. Bf3 Red8 26.
Qg5+ Kh8 27. Re2 Qg7 28. Qe7 Qf8 29. Qf6+ Qg7 30. Qxf5 Qg6 31. Qe5+ f6 32. Qd5 Nb4 33. Qxc5 Na6 34. Qd4 Qg7 35. Qxa7 Rd7 36. c5 Rc8 37. Bxb7 Rxc5 38. Qxa6 Rxb7 39. Re8+ 1-0